 Dungeon Crawl Stone Soup version 0.16.1-11-g651b585 (webtiles) character file.

922 faffalel the Chopper (level 7, -4/100 HPs)
             Began as a Deep Dwarf Berserker on Apr 7, 2015.
             Was an Elder of Trog.
             Slain by a goliath beetle (10 damage)
             ... on level 6 of the Dungeon.
             The game lasted 00:18:50 (3312 turns).

faffalel the Chopper (Deep Dwarf Berserker)         Turns: 3312, Time: 00:18:50

Health: -4/100     AC: 12    Str: 25    XL:     7   Next: 84%
Magic:  7/7        EV:  9    Int:  8    God:    Trog [****..]
Gold:   71         SH:  0    Dex: 14    Spells: 0 memorised, 6 levels left

rFire  . . .     SeeInvis .     a - +0 hand axe
rCold  . . .     Clarity  .     d - +0 plate armour
rNeg   . . .     SustAb   .     (no shield)
rPois  .         Gourm    .     (no helmet)
rElec  .         Spirit   .     (no cloak)
rCorr  .         Warding  .     (no gloves)
rMut   .         Stasis   .     (no boots)
MR     +....                    (no amulet)
Stlth  ..........               (no ring)
                                (no ring)

@: berserking, non-regenerating, very quick, somewhat resistant to hostile
enchantments, extremely unstealthy
A: damage resistance, recharge devices, sense surroundings 1, slow healing 3
a: Device Recharging, Burn Spellbooks, Berserk, Trog's Hand, Brothers in Arms,
Renounce Religion


You were on level 6 of the Dungeon.
You worshipped Trog.
Trog was greatly pleased with you.
You were not hungry.

You visited 1 branch of the dungeon, and saw 6 of its levels.

You collected 141 gold pieces.
You spent 70 gold pieces at shops.

Inventory:

Hand weapons
 a - a +0 hand axe (weapon)
 f - a +0 mace
Missiles
 p - 14 poisoned arrows
Armour
 d - a +0 plate armour (worn)
Magical devices
 c - a wand of heal wounds (5)
Scrolls
 g - 5 scrolls of blinking
 h - 3 scrolls of identify
 j - a scroll of enchant armour
 k - 3 scrolls of enchant weapon {unknown}
 o - a scroll of remove curse
Potions
 e - 3 potions of curing
 i - 2 potions of brilliance {unknown}
 n - a potion of haste
 q - a potion of agility {unknown}
 r - a potion of poison {unknown}
Books
 b - a book of Dreams

   Spells                             Type                      Level
   a - Ensorcelled Hibernation        Hexes/Ice                    2
   b - Flight                         Charms/Air                   3
   c - Phase Shift                    Translocation                5
   d - Shadow Creatures               Summoning                    5
   e - Mass Confusion                 Hexes                        6
   f - Darkness                       Hexes                        7
   Trog disapproves of the use of such an item.
Comestibles
 l - a meat ration
 m - a slice of pizza


   Skills:
 * Level 5.1 Fighting
 * Level 6.0 Axes
 * Level 5.1 Armour
 * Level 5.0 Dodging
 + Level 0.4 Evocations


You had 6 spell levels left.
You didn't know any spells.

Dungeon Overview and Level Annotations

Branches:
Dungeon (6/15)
 Temple: D:4-7

Altars:
Dithmenos

Shops:
D:5 %


Innate Abilities, Weirdness & Mutations

You are resistant to damage.
You can recharge devices by infusing magical energy.
You passively map a small area around you.
You do not heal naturally.


Message History

The goliath beetle is lightly wounded.
You hit the goliath beetle.
The goliath beetle is moderately wounded.
The goliath beetle bites you.
* * * LOW HITPOINT WARNING * * *
You completely miss the goliath beetle.
The goliath beetle is moderately wounded.
Use which ability? (? or * to list)
A red film seems to cover your vision as you go berserk!
You feel yourself moving faster!
You feel mighty!
You feel somewhat more hungry. The goliath beetle bites you!
* * * LOW HITPOINT WARNING * * *
You hit the goliath beetle.
The goliath beetle is moderately wounded.
You completely miss the goliath beetle.
The goliath beetle is moderately wounded.
You slash the goliath beetle!
The goliath beetle is heavily wounded.
The goliath beetle bites you!
You die...

..####....## #...###
##########
#..........#####)###
###...............#
#...............#
###.......)#.....#
##...#.<..#.#.....#
...####..##.#######
.##########.....#####
.......# #####.@B..#
######..., ,#####.#*
* #### ** *, , , ,
...## * * , ....# * ,
, ....# * * ...## * *
####. , * * ..... * *


You could see a goliath beetle.

Vanquished Creatures
  The ghost of BLOAX the Sneak, an average VSAs of Cheibriados (D:4)
  An ice beast (D:5)
  An orc warrior (D:6)
  A centaur (D:6)
  2 hounds (D:5)
  A crimson imp (D:5)
  2 orc priests (D:5)
  A giant frog skeleton (D:6)
  A gnoll shaman (D:6)
  2 orc wizards
  2 worker ants
  3 adders (D:6)
  3 gnolls (D:6)
  A shadow imp (D:5)
  A worm (D:4)
  26 orcs
  2 ball pythons
  8 bats
  A giant cockroach (D:1)
  11 hobgoblins
  11 jackals
  6 kobolds
  3 quokkas
  A giant gecko zombie (D:6)
  2 giant newts
  10 goblins
  6 rats
110 creatures vanquished.

Notes
Turn   | Place    | Note
--------------------------------------------------------------
     0 | D:1      | faffalel, the Deep Dwarf Berserker, began the quest for the Orb.
     0 | D:1      | Reached XP level 1. HP: 20/20 MP: 1/1
   511 | D:1      | Reached XP level 2. HP: 21/27 MP: 2/2
   699 | D:1      | Acquired Trog's second power
   753 | D:3      | Reached XP level 3. HP: 34/34 MP: 3/3
   812 | D:3      | Reached skill level 4 in Axes
   816 | D:3      | Reached XP level 4. HP: 13/42 MP: 4/4
  1178 | D:4      | Reached XP level 5. HP: 30/49 MP: 5/5
  1321 | D:4      | Noticed BLOAX's ghost (average VSAs)
  1331 | D:4      | Killed BLOAX's ghost
  1331 | D:4      | Reached XP level 6. HP: 55/57 MP: 6/6
  1541 | D:5      | Entered Level 5 of the Dungeon
  1595 | D:5      | Reached skill level 5 in Axes
  1929 | D:5      | Acquired Trog's third power
  2419 | D:5      | Reached XP level 7. HP: 58/64 MP: 7/7
  2455 | D:5      | Found Etothoosya's Food Shop.
  2491 | D:5      | Bought a bread ration for 70 gold pieces
  3060 | D:6      | Reached skill level 5 in Armour
  3152 | D:6      | Reached skill level 5 in Fighting
  3152 | D:6      | Reached skill level 6 in Axes
  3152 | D:6      | Reached skill level 5 in Dodging
  3183 | D:6      | Found a shadowy altar of Dithmenos.
  3312 | D:6      | Slain by a goliath beetle

Action                   |  1- 3 |  4- 6 |  7- 9 || total
-------------------------+-------+-------+-------++-------
Melee: Hand axe          |    97 |   204 |   143 ||   444
Invok: Berserk           |     1 |     4 |     3 ||     8
       Trog's Hand       |       |     4 |     2 ||     6
Evoke: Wand              |     2 |     1 |     1 ||     4
  Use: Scroll            |     2 |     5 |     1 ||     8
       Potion            |     1 |     3 |       ||     4
  Eat: Bread ration      |     1 |     1 |     1 ||     3
       Pizza             |       |     1 |       ||     1
       Chunk             |       |       |     2 ||     2
